 Dungeon Crawl Stone Soup version 0.16.0-16-g311141a (webtiles) character file.

160 McCoppin the Sneak (level 5, -2/31 HPs)
             Began as an Octopode Summoner on Mar 19, 2015.
             Slain by a giant gecko (3 damage)
             ... on level 4 of the Dungeon.
             The game lasted 00:09:02 (3370 turns).

McCoppin the Sneak (Octopode Summoner)              Turns: 3370, Time: 00:09:02

Health: -2/31      AC:  1    Str:  7    XL:     5   Next: 41%
Magic:  7/9        EV: 12    Int: 20    God:
Gold:   181        SH:  0    Dex: 13    Spells: 2 memorised, 4 levels left

rFire  . . .     SeeInvis .     l - +0 dagger
rCold  . . .     Clarity  .     (no shield)
rNeg   . . .     SustAb   .     (helmet restricted)
rPois  .         Gourm    .     (no amulet)
rElec  .         Spirit   .     i - +2 ring of intelligence
rCorr  .         Warding  .     (no ring)
rMut   .         Stasis   .     (no ring)
MR     .....                    (no ring)
Stlth  +++++.....               (no ring)
                                (no ring)
                                (no ring)
                                (no ring)

@: not resistant to hostile enchantments, quite stealthy
A: almost no armour, amphibious, 8 rings, constrict 8, camouflage 1, gelatinous
body 1
a: no special abilities


You were on level 4 of the Dungeon.
You were not hungry.

You visited 1 branch of the dungeon, and saw 4 of its levels.

You collected 181 gold pieces.

Inventory:

Hand weapons
 f - a +0 short sword
 l - a +0 dagger (weapon)
Missiles
 m - 9 poisoned needles
 r - 5 silver javelins (quivered)
 s - 5 needles of confusion
Jewellery
 g - an uncursed amulet of guardian spirit
 i - a +2 ring of intelligence (left tentacle)
Magical devices
 y - a wand of disintegration (7)
Scrolls
 a - a scroll of identify
 h - a scroll of random uselessness
Potions
 e - a potion of magic
 j - a potion of curing
 k - 2 potions of haste
 t - 2 potions of cure mutation
 u - a potion of agility
 A - a potion of brilliance
Books
 b - a book of Callings

   Spells                             Type                      Level
   a - Summon Small Mammal            Summoning                    1
   b - Call Imp                       Summoning                    2
   c - Call Canine Familiar           Summoning                    3
   d - Summon Guardian Golem          Hexes/Summoning              4
   e - Summon Lightning Spire         Summoning/Air                4
   f - Summon Ice Beast               Ice/Summoning                4
Comestibles
 c - 4 bread rations
 d - a beef jerky
 n - 3 fruits
 p - a slice of pizza
 v - a meat ration
 w - 2 chunks of flesh


   Skills:
 - Level 2.0 Dodging
 + Level 7.8 Stealth
 - Level 2.0 Spellcasting
 - Level 4.0 Summonings


You had 4 spell levels left.
You knew the following spells:

 Your Spells              Type           Power        Failure   Level  Hunger
a - Summon Small Mammal   Summ           ###.         2%          1    #......
b - Call Canine Familiar  Summ           ###.....     10%         3    ###....


Dungeon Overview and Level Annotations

Branches:
Dungeon (4/15)
 Temple: D:4-7

Altars:
Elyvilon
Kikubaaqudgha
Yredelemnul

Annotations:
D:4 Prince Ribbit


Innate Abilities, Weirdness & Mutations

You cannot wear most types of armour.
You are amphibious.
You can wear up to eight rings at the same time.
You can use your tentacles to constrict many enemies at once.
Your skin changes colour to match your surroundings (Stealth).
Your rubbery body absorbs attacks (AC +1).


Message History

Prince Ribbit lets out a mournful croak.
Prince Ribbit hits you!
Your hound bites Prince Ribbit.
The giant gecko bites you.
Prince Ribbit closely misses your hound.
Your hound bites Prince Ribbit.
The giant gecko closely misses you.
Prince Ribbit lets out a mournful croak.
Your hound misses Prince Ribbit. You miss Prince Ribbit.
Your grab misses Prince Ribbit. Your squeeze misses Prince Ribbit.
Prince Ribbit is moderately wounded.
Your hound completely misses Prince Ribbit.
Prince Ribbit hits you!
* * * LOW HITPOINT WARNING * * *
The giant gecko bites you.
* * * LOW HITPOINT WARNING * * *
Your hound bites Prince Ribbit.
Prince Ribbit blinks!
Your hound closely misses Prince Ribbit.
The giant gecko bites you.
You die...

########## ..........#
### #?........# #<#
#.........# #.#
#.........# #.#
#.......hF#+#####'###
#.%.....ยง...........#
#..P.P..............#
##.._..#.l@.........#
#.P.P.#............#
#.....#............#
##.#.##............#
#... #............#
#.## #............# .
#............#
#...####.#+### .....#
#.#


You could see Prince Ribbit, a giant gecko and a friendly hound.

Vanquished Creatures
  Jessica (D:3)
  3 adders
  2 worms (D:3)
  4 giant geckos
  2 oozes
  An orc (D:3)
  3 giant cockroaches
  11 hobgoblins
  7 jackals
  A quokka (D:3)
  7 bats
  3 giant newts
  6 goblins
  7 kobolds
  3 rats
61 creatures vanquished.

Vanquished Creatures (collateral kills)
  A centaur zombie (D:3)
  Ijyb (D:3)
  A giant mite (D:1)
  A goblin (D:1)
  A kobold (D:1)
  A rat (D:1)
6 creatures vanquished.

Vanquished Creatures (others)
  3 quokkas
  A bat (D:1)
4 creatures vanquished.

Grand Total: 71 creatures vanquished

Notes
Turn   | Place    | Note
--------------------------------------------------------------
     0 | D:1      | McCoppin, the Octopode Summoner, began the quest for the Orb.
     0 | D:1      | Reached XP level 1. HP: 11/11 MP: 3/3
   199 | D:1      | Reached XP level 2. HP: 17/17 MP: 4/4
  1093 | D:2      | Reached XP level 3. HP: 21/21 MP: 6/6
  1141 | D:2      | Learned a level 3 spell: Call Canine Familiar
  1278 | D:2      | Reached skill level 5 in Stealth
  1578 | D:2      | Found an ancient bone altar of Kikubaaqudgha.
  1674 | D:2      | Found a white marble altar of Elyvilon.
  1708 | D:2      | Reached XP level 4. HP: 27/27 MP: 7/7
  1835 | D:2      | Reached skill level 6 in Stealth
  2341 | D:3      | Noticed Ijyb
  2354 | D:3      | Killed Ijyb
  2569 | D:3      | Reached skill level 7 in Stealth
  2569 | D:3      | Reached XP level 5. HP: 21/31 MP: 5/9
  2762 | D:3      | Noticed Jessica
  2775 | D:3      | Killed Jessica
  3356 | D:4      | Noticed Prince Ribbit
  3360 | D:4      | Found a basalt altar of Yredelemnul.
  3368 | D:4      | HP: 1/31 [giant gecko (5)]
  3370 | D:4      | Slain by a giant gecko

Action                   |  1- 3 |  4- 6 || total
-------------------------+-------+-------++-------
Melee: Unarmed           |     9 |       ||     9
       Short sword       |    20 |       ||    20
       Dagger            |    25 |    82 ||   107
Throw: Javelin           |       |     4 ||     4
 Cast: Summon Small Mamm |     7 |       ||     7
       Call Canine Famil |       |     4 ||     4
  Use: Scroll            |       |    10 ||    10
 Stab: Sleeping          |     9 |     6 ||    15
       Distracted        |     1 |     1 ||     2
  Eat: Chunk             |     2 |     6 ||     8
